 Dungeon Crawl Stone Soup version 0.30-a0-1066-g63dfefce0d (webtiles) character file.

Game seed: 5107803089267550557

67 Esekla the Covert (level 4, 31/31 HPs)
             Began as an Octopode Delver on Apr 13, 2023.
             Quit the game on level 5 of the Dungeon.
             The game lasted 00:03:25 (476 turns).

Esekla the Covert (Octopode Delver)                  Turns: 476, Time: 00:03:26

Health: 31/31      AC:  1    Str: 11    XL:     4   Next: 16%
Magic:  4/4        EV: 13    Int: 14    God:
Gold:   30         SH:  0    Dex: 13    Spells: 3/3 levels left

rFire   . . .      SeeInvis .    a - +0 falchion
rCold   . . .      Faith    .    (no shield)
rNeg    . . .      Spirit   .    (helmet restricted)
rPois   .          Reflect  .    (no amulet)
rElec   .          Rampage  .    (no ring)
rCorr   .                        (no ring)
Will    .....                    (no ring)
Stlth   +++++                    (no ring)
HPRegen 0.25/turn                (no ring)
MPRegen 0.09/turn                (no ring)
                                 (no ring)
                                 (no ring)

@: no status effects
A: almost no armour, amphibious, 8 rings, camouflage 1, gelatinous body 1,
(nimble swimmer 1), tentacles
a: no special abilities


You were on level 5 of the Dungeon.
You visited 1 branch of the dungeon, and saw 1 of its levels.

You collected 30 gold pieces.

Inventory:

Hand Weapons
 a - a +0 falchion (weapon)
Wands
 f - a wand of digging (3)
Scrolls
 b - a scroll of fog
Potions
 c - a potion of degeneration {unknown}
 e - a potion of haste


   Skills:
 + Level 3.3 Fighting
 + Level 2.4 Long Blades
 + Level 2.1 Dodging
 + Level 8.0 Stealth


You had 3 spell levels left.
You didn't know any spells.
Your spell library was empty.

Dungeon Overview and Level Annotations

Branches:
Dungeon (5/15)
 Temple: D:4-7

Altars:
Cheibriados


Innate Abilities, Weirdness & Mutations

You cannot wear most types of armour.
You are amphibious.
You can wear up to eight rings at the same time.
Your skin changes colour to match your surroundings (Stealth+).
Your rubbery body absorbs attacks. (AC +1, EV +1)
((You are camouflaged when in or above water. (Stealth+)))
You have tentacles for arms and can constrict up to eight enemies at once.


Message History

You closely miss the hound. Your grab misses the hound.
The hound is moderately wounded.
The hound misses you.
You hit the hound. You grab the hound.
The hound is heavily wounded.
You constrict the hound. The hound closely misses you. The hound bites you.
You hit the hound but do no damage.
The hound is heavily wounded.
You constrict the hound, but do no damage.
The hound bites you. x2
* * * LOW HITPOINT WARNING * * *
You slash the hound!
You kill the hound!
Your Stealth skill increases to level 8!
You have reached level 4!
You start resting.
HP restored.
There is a stone staircase leading up here.
The gnoll shouts! x2
A quokka comes into view.
Found 15 gold pieces.
You see here 15 gold pieces.
You now have 15 gold pieces.
Found 3 stones.
The quokka bites you.
The quokka bites you but does no damage.
The quokka attacks as you move away! The quokka barely misses you.
Found a pair of boots.
The gnoll closely misses you. The gnoll barely misses you.
As you read the scroll of fear, it crumbles to dust.
You assume a fearsome visage.
The quokka looks frightened!
The gnoll looks frightened! x3
The gnoll shouts!
You see here 15 gold pieces.
You now have 30 gold pieces (gained 15).
An orc comes into view. It is wielding a +0 hand axe.
Found a snail-covered altar of Cheibriados.
Found a stone staircase leading down.
An orc comes into view. It is wielding a +0 dagger.
Are you sure you want to abandon this character and quit the game? (Confirm with "yes".)

#.#........# ..[.####...#
.##..,*#...# .*###.##.o.#
*######* ** #.....##
*#......** #####o####
##......,,** #....#
#...>.,..,,* ####o#
#.#.#....,,* #.#
#@._.o...,,*
******######.###.#.#....,,*
,,,,,........o..........,,*
*****#######............,**
#####........,,*
#........,,* #........,,*
#........,,* #........,,*


You could see an orc (asleep).

Vanquished Creatures
  2 hounds (D:5)
  An adder (D:5)
  An orc (D:5)
4 creatures vanquished.

Notes
Turn   | Place    | Note
-------+----------+-------------------------------------------
     0 | D:5      | Esekla the Octopode Delver began the quest for the Orb.
     0 | D:5      | Reached XP level 1. HP: 16/16 MP: 1/1
   100 | D:5      | Noticed a hound
   124 | D:5      | Noticed a hound
   142 | D:5      | Killed a hound
   143 | D:5      | Reached skill level 7 in Stealth
   143 | D:5      | Reached XP level 2. HP: 9/21 MP: 2/2
   143 | D:5      | Reached XP level 3. HP: 12/26 MP: 3/3
   210 | D:5      | Noticed an ice beast
   211 | D:5      | Noticed a scorpion
   303 | D:5      | Reached skill level 8 in Stealth
   303 | D:5      | Reached XP level 4. HP: 5/31 MP: 4/4
   472 | D:5      | Found a snail-covered altar of Cheibriados.
   476 | D:5      | Quit the game

Illustrated notes

Levels and vault maps discovered:
D:5:      layout_rooms, lemuel_crystal_altar, nrook_pool_corridor

Skill      XL: |  1  2  3 |
---------------+----------+-----
Stealth        | 7 8 |  8.0
Fighting       | |  3.3
Long Blades    | |  2.4
Dodging        | |  2.1

Action                     |  1- 3 |  4- 6 || total
---------------------------+-------+-------++-------
  Melee: Falchion          |    15 |       ||    15
         Constrict         |     4 |       ||     4
         Tentacles         |     2 |       ||     2
         Punch             |     1 |       ||     1
    Use: Scroll            |     1 |     1 ||     2
   Stab: Sleeping          |     2 |       ||     2
 Armour: Skin              |       |     1 ||     1
  Dodge: Dodged            |     9 |     3 ||    12

Table legend: (Time is in decaauts)
 A = Elapsed time spent in this place.
 B = Non-inter-level travel time spent in this place.
 C = Inter-level travel time spent in this place.
 D = Time resting spent in this place.
 E = Time spent auto-exploring this place.
 F = Levels seen in this place.
 G = Mean time per level.
                   A        B        C        D        E       F      G
               +--------+--------+--------+--------+--------+-----+--------+
         Total |    478 |    478 |      0 |    153 |      0 |   1 |  478.0 |
       Dungeon |    478 |    478 |      0 |    153 |      0 |   1 |  478.0 |
               +--------+--------+--------+--------+--------+-----+--------+

Top non-repeatable levels by time:
     D:5: 478 daAuts
